NYP
BOISE HAWKS @ STATE COLLEGE SPIKES
07/11/2048
 
TOP OF THE 1ST
Boise Hawks batting - Pitching for State College Spikes : RHP Ricky Yerzy
Pitching: RHP Ricky Yerzy
Batting: RHB John Clark 0-0: Ball
1-0: Ball
2-0: Called Strike
2-1: Ground out 6-3 (Groundball, 6MS, EV 72.5 MPH)
Batting: RHB Carlos de Jesus 0-0: Ball
1-0: Ball
2-0: SINGLE (Groundball, 3D, EV 105.6 MPH)
Batting: SHB Chris Besselman 0-0: Called Strike
0-1: Called Strike
Carlos de Jesus is caught stealing 2nd base 2-6
0-2: Strikes out swinging
Top of the 1st over - 0 runs, 1 hit, 0 errors, 0 left on base; Boise 0 - State College 0
BOTTOM OF THE 1ST
State College Spikes batting - Pitching for Boise Hawks : LHP Bill Hussey
Pitching: LHP Bill Hussey
Batting: RHB Ricky Yerzy 0-0: Ball
1-0: Ball
2-0: Ball
3-0: Base on Balls
Batting: LHB Ken Compton 0-0: Fly out, F3 (Line Drive, 3L, EV 67.5 MPH)
Lined into DP, U3 (Line Drive, 3L, EV 68.8 MPH)
Batting: RHB Sam Daw 0-0: Foul Ball, location: 2F
0-1: Ball
1-1: Swinging Strike
1-2: Foul Ball, location: 2F
1-2: SINGLE (Groundball, 6MD, EV 103.8 MPH)
Batting: RHB Pat Scaturro 0-0: Ball
1-0: Ball
2-0: Ball
3-0: Called Strike
3-1: Base on Balls
Sam Daw to second
Batting: LHB Ken Morehead 0-0: Ball
Wild Pitch!
Sam Daw to third
Pat Scaturro to second
1-0: Ball
2-0: Ball
3-0: Base on Balls
Batting: SHB Bobby Mercado 0-0: Called Strike
0-1: Ball
1-1: Swinging Strike
1-2: Strikes out swinging
Bottom of the 1st over - 0 runs, 1 hit, 0 errors, 3 left on base; Boise 0 - State College 0
TOP OF THE 2ND
Boise Hawks batting - Pitching for State College Spikes : RHP Ricky Yerzy
Batting: SHB Brad Madden 0-0: SINGLE (Line Drive, 4D, EV 99.4 MPH)
Batting: RHB Brent Montagano 0-0: Ball
1-0: Ball
2-0: Foul Ball, location: 2F
2-1: Ball
Brad Madden steals 2nd base
3-1: Called Strike
3-2: Foul Ball, location: 2F
3-2: SINGLE (Groundball, 5D, EV 101.9 MPH)
Brad Madden to third
Runner from 3rd tries for Home, SAFE, throw by LF to home
Batting: RHB Bob Hayes 0-0: Ground out 4-3 (Groundball, 4S, EV 66.2 MPH)
Brent Montagano to second
Batting: LHB Jerry Santana 0-0: Called Strike
0-1: Ball
1-1: Swinging Strike
1-2: Strikes out looking
Batting: RHB Gashie Chimsima 0-0: Ball
1-0: Ball
2-0: Ground out U3 (Groundball, 34, EV 87.5 MPH)
Top of the 2nd over - 1 run, 2 hits, 0 errors, 1 left on base; Boise 1 - State College 0
BOTTOM OF THE 2ND
State College Spikes batting - Pitching for Boise Hawks : LHP Bill Hussey
Batting: RHB Ben Politi 0-0: Ball
1-0: Ground out U3 (Groundball, 23, EV 83.8 MPH)
Batting: RHB Tim Cleary 0-0: Called Strike
0-1: Ground out 5-3 (Groundball, 5S, EV 76.2 MPH)
Batting: RHB Mario Carbajal 0-0: Ball
1-0: Fly out, F8 (Flyball, 8RM, EV 78.1 MPH)
Bottom of the 2nd over - 0 runs, 0 hits, 0 errors, 0 left on base; Boise 1 - State College 0
TOP OF THE 3RD
Boise Hawks batting - Pitching for State College Spikes : RHP Ricky Yerzy
Batting: RHB Aaron Burnet 0-0: Called Strike
0-1: Ball
1-1: Swinging Strike
1-2: Foul Ball, location: 2F
1-2: Strikes out swinging
Batting: RHB John Clark 0-0: Called Strike
0-1: Ball
1-1: Ball
2-1: Ball
3-1: Reached on error, E2 (Groundball, 13S, EV 67.5 MPH)
Batting: RHB Carlos de Jesus 0-0: Called Strike
0-1: Foul Ball, location: 2F
0-2: Ball
1-2: Ball
2-2: Foul Ball, location: 2F
2-2: Strikes out swinging
Batting: SHB Chris Besselman 0-0: Ball
1-0: Ball
2-0: Called Strike
2-1: 2-RUN HOME RUN (Flyball, 9D, EV 98.1 MPH), Distance : 360 ft
Batting: SHB Brad Madden 0-0: DOUBLE (Line Drive, 78D, EV 108.8 MPH)
Batting: RHB Brent Montagano 0-0: Ball
1-0: Ball
2-0: Swinging Strike
2-1: Ball
3-1: Ground out 3-1 (Groundball, 34S, EV 85.6 MPH)
Top of the 3rd over - 2 runs, 2 hits, 1 error, 1 left on base; Boise 3 - State College 0
BOTTOM OF THE 3RD
State College Spikes batting - Pitching for Boise Hawks : LHP Bill Hussey
Batting: RHB Ricky Yerzy 0-0: Ball
1-0: Ball
2-0: Called Strike
2-1: Ball
3-1: Base on Balls
Batting: LHB Ken Compton 0-0: Ball
1-0: Called Strike
1-1: Ball
2-1: Ball
3-1: Base on Balls
Ricky Yerzy to second
Batting: RHB Sam Daw 0-0: Ball
1-0: Fly out, F7 (Flyball, 78D, EV 85.6 MPH)
Batting: RHB Pat Scaturro 0-0: Called Strike
0-1: DOUBLE (Line Drive, 9LM, EV 105.0 MPH)
Ricky Yerzy scores
Ken Compton to third
Runner from 3rd tries for Home, SAFE, throw by RF to home
Batting: LHB Ken Morehead 0-0: Ball
1-0: 2-RUN HOME RUN (Flyball, 89XD, EV 96.9 MPH), Distance : 383 ft
Batting: SHB Bobby Mercado 0-0: Ball
1-0: Called Strike
1-1: Ball
2-1: Foul Ball, location: 2F
2-2: Strikes out swinging
Batting: RHB Ben Politi 0-0: Called Strike
0-1: Ball
1-1: Swinging Strike
1-2: Strikes out swinging
Bottom of the 3rd over - 4 runs, 2 hits, 0 errors, 0 left on base; Boise 3 - State College 4
TOP OF THE 4TH
Boise Hawks batting - Pitching for State College Spikes : RHP Ricky Yerzy
Batting: RHB Bob Hayes 0-0: Ball
1-0: Called Strike
1-1: Ball
2-1: Ball
3-1: Base on Balls
Batting: LHB Jerry Santana 0-0: Called Strike
Bob Hayes is caught stealing 2nd base 2-6
0-1: Fly out, F2 (Popup, 23F, EV 81.2 MPH)
Batting: RHB Gashie Chimsima 0-0: Ball
1-0: Called Strike
1-1: Ball
2-1: Called Strike
2-2: Strikes out swinging
Top of the 4th over - 0 runs, 0 hits, 0 errors, 0 left on base; Boise 3 - State College 4
BOTTOM OF THE 4TH
State College Spikes batting - Pitching for Boise Hawks : LHP Bill Hussey
Batting: RHB Tim Cleary 0-0: Ball
1-0: SINGLE (Groundball, 6MD, EV 110.6 MPH)
Batting: RHB Mario Carbajal 0-0: Ball
1-0: Foul Ball, location: 2F
1-1: Fielders Choice at 2nd, 5-4 (Groundball, 56, EV 80.6 MPH)
Batting: RHB Ricky Yerzy 0-0: Called Strike
0-1: DOUBLE (Flyball, 8LD, EV 103.1 MPH)
Mario Carbajal to third
Batting: LHB Ken Compton 0-0: Ball
1-0: Ball
2-0: Ball
3-0: Base on Balls
Batting: RHB Sam Daw 0-0: Fly out, F9 (Flyball, 9D, EV 103.1 MPH)
Runner from 3rd tags up, SCORES, no throw by RF
Ricky Yerzy to third
Pitching: LHP Josh Alvarez
Batting: RHB Pat Scaturro 0-0: Ball
1-0: Called Strike
1-1: Ball
2-1: Foul Ball, location: 2F
2-2: Ball
3-2: Foul Ball, location: 2F
3-2: Base on Balls
Ken Compton to second
Batting: LHB Ken Morehead 0-0: Ball
1-0: Swinging Strike
1-1: Ball
2-1: Foul Ball, location: 2F
2-2: Ball
3-2: Foul Ball, location: 2F
3-2: Base on Balls
Ricky Yerzy scores
Ken Compton to third
Pat Scaturro to second
Batting: SHB Bobby Mercado 0-0: Swinging Strike
0-1: Foul Ball, location: 2F
0-2: Ball
1-2: Strikes out swinging
Bottom of the 4th over - 2 runs, 2 hits, 0 errors, 3 left on base; Boise 3 - State College 6
TOP OF THE 5TH
Boise Hawks batting - Pitching for State College Spikes : RHP Ricky Yerzy
Batting: RHB Aaron Burnet 0-0: Called Strike
0-1: Foul Ball, location: 2F
0-2: Ground out 6-3 (Groundball, 56, EV 100.0 MPH)
Pitching: RHP Howie Seidler
Batting: RHB John Clark 0-0: Called Strike
0-1: Ground out 3-1 (Groundball, 3D, EV 90.0 MPH)
Batting: RHB Carlos de Jesus 0-0: Ball
1-0: Ground out 5-3 (Groundball, 5S, EV 83.8 MPH)
Top of the 5th over - 0 runs, 0 hits, 0 errors, 0 left on base; Boise 3 - State College 6
BOTTOM OF THE 5TH
State College Spikes batting - Pitching for Boise Hawks : LHP Josh Alvarez
Batting: RHB Ben Politi 0-0: Ball
1-0: Foul Ball, location: 2F
1-1: Ball
2-1: Ball
3-1: Base on Balls
Batting: RHB Tim Cleary 0-0: Called Strike
Ben Politi is caught stealing 2nd base 2-4
0-1: Foul Ball, location: 2F
0-2: Ball
1-2: Foul Ball, location: 2F
1-2: Ball
2-2: Foul Ball, location: 2F
2-2: Ball
3-2: Base on Balls
Batting: RHB Mario Carbajal 0-0: Grounds into double play, 5-4-3 (Groundball, 56S, EV 81.2 MPH)
Bottom of the 5th over - 0 runs, 0 hits, 0 errors, 0 left on base; Boise 3 - State College 6
TOP OF THE 6TH
Boise Hawks batting - Pitching for State College Spikes : RHP Howie Seidler
Batting: SHB Chris Besselman 0-0: Ground out 4-3 (Groundball, 4M, EV 82.5 MPH)
Batting: SHB Brad Madden 0-0: Ball
1-0: DOUBLE (Flyball, 8LD, EV 106.9 MPH)
Batting: RHB Brent Montagano 0-0: Called Strike
0-1: SINGLE (Flyball, 8RS, EV 96.9 MPH)
Brad Madden to third
Batting: RHB Bob Hayes 0-0: Called Strike
0-1: SINGLE (Line Drive, 78M, EV 106.2 MPH)
Brad Madden scores
Brent Montagano to second
Batting: LHB Jerry Santana 0-0: Ball
Brent Montagano steals 3rd base
1-0: SINGLE (Popup, 6D, EV 46.9 MPH)
Brent Montagano scores
Bob Hayes to second
Pinch Hitting: RHB Dan Hoffman 0-0: Ball
1-0: Called Strike
1-1: Swinging Strike
1-2: Strikes out swinging
Pinch Hitting: SHB Clayton Saunders 0-0: Swinging Strike
0-1: Ball
1-1: Foul Ball, location: 2F
1-2: Foul Ball, location: 2F
1-2: Ball
2-2: Foul Ball, location: 2F
2-2: Ball
3-2: Base on Balls
Bob Hayes to third
Jerry Santana to second
Batting: RHB John Clark 0-0: Called Strike
0-1: Ball
1-1: Ball
2-1: Ball
3-1: Called Strike
3-2: Strikes out swinging
Top of the 6th over - 2 runs, 4 hits, 0 errors, 3 left on base; Boise 5 - State College 6
BOTTOM OF THE 6TH
State College Spikes batting - Pitching for Boise Hawks : LHP Josh Alvarez
Now at SS: Clayton Saunders
Now in CF: Jerry Santana
Now in RF: Dan Hoffman
Pinch Hitting: RHB Nick Latulippe 0-0: Swinging Strike
0-1: SOLO HOME RUN (Flyball, 78XD, EV 113.8 MPH), Distance : 429 ft
Batting: LHB Ken Compton 0-0: SINGLE (Groundball, 6MD, EV 95.0 MPH)
Batting: RHB Sam Daw 0-0: Called Strike
0-1: Ball
1-1: Ball
Ken Compton steals 2nd base
2-1: Ball
3-1: Base on Balls
Pitching: RHP Ricardo Roman
Batting: RHB Pat Scaturro 0-0: SINGLE (Line Drive, 8RS, EV 106.9 MPH)
Ken Compton to third
Sam Daw to second
Batting: LHB Ken Morehead 0-0: Called Strike
0-1: Ball
1-1: Ball
2-1: Swinging Strike
2-2: Ball
3-2: Base on Balls
Ken Compton scores
Sam Daw to third
Pat Scaturro to second
Batting: SHB Bobby Mercado 0-0: Ball
1-0: Called Strike
1-1: Grounds into fielders choice 3-2 (Groundball, 3, EV 81.2 MPH)
Pat Scaturro to third
Ken Morehead to second
Batting: RHB Ben Politi 0-0: Ball
1-0: Called Strike
1-1: Foul Ball, location: 2F
1-2: Fly out, F9 (Flyball, 89S, EV 93.8 MPH)
Batting: RHB Tim Cleary 0-0: Ball
1-0: Ball
Wild Pitch!
Pat Scaturro scores
Ken Morehead to third
Bobby Mercado to second
2-0: Foul Ball, location: 2F
2-1: Called Strike
2-2: Strikes out swinging
Bottom of the 6th over - 3 runs, 3 hits, 0 errors, 2 left on base; Boise 5 - State College 9
TOP OF THE 7TH
Boise Hawks batting - Pitching for State College Spikes : RHP Howie Seidler
Pitching: LHP Kurt Sutton
Batting: RHB Carlos de Jesus 0-0: Called Strike
0-1: Ball
1-1: Swinging Strike
1-2: Strikes out swinging
Batting: SHB Chris Besselman 0-0: Swinging Strike
0-1: Ball
1-1: Called Strike
1-2: Strikes out swinging
Batting: SHB Brad Madden 0-0: Called Strike
0-1: Ball
1-1: Foul Ball, location: 2F
1-2: Foul Ball, location: 2F
1-2: DOUBLE (Line Drive, 78M, EV 105.6 MPH)
Batting: RHB Brent Montagano 0-0: Foul Ball, location: 2F
0-1: Ball
1-1: Ball
2-1: Ground out 3-1 (Groundball, 34, EV 106.2 MPH)
Top of the 7th over - 0 runs, 1 hit, 0 errors, 1 left on base; Boise 5 - State College 9
BOTTOM OF THE 7TH
State College Spikes batting - Pitching for Boise Hawks : RHP Ricardo Roman
Batting: RHB Mario Carbajal 0-0: Ball
1-0: SINGLE (Line Drive, 56D, EV 105.0 MPH)
Pinch Hitting: LHB Jorge Zarazua 0-0: Ball
1-0: Ball
2-0: Called Strike
2-1: Ball
3-1: Swinging Strike
3-2: Strikes out swinging
Mario Carbajal is caught stealing 2nd base 2-6
Batter strikes out.
Batting: LHB Ken Compton 0-0: Called Strike
0-1: Foul Ball, location: 2F
0-2: Strikes out swinging
Bottom of the 7th over - 0 runs, 1 hit, 0 errors, 0 left on base; Boise 5 - State College 9
TOP OF THE 8TH
Boise Hawks batting - Pitching for State College Spikes : LHP Kurt Sutton
Pitching: RHP Mike Cain
Batting: RHB Bob Hayes 0-0: Fly out, F9 (Flyball, 9LM, EV 106.2 MPH)
Batting: LHB Jerry Santana 0-0: Ball
1-0: Ball
2-0: Called Strike
2-1: Foul Ball, location: 2F
2-2: Ball
3-2: Strikes out swinging
Batting: RHB Dan Hoffman 0-0: Called Strike
0-1: Ball
1-1: Ball
2-1: Ball
3-1: Called Strike
3-2: Base on Balls
Batting: SHB Clayton Saunders 0-0: Ball
1-0: Ball
2-0: Fly out, F1 (Line Drive, P, EV 62.5 MPH)
Top of the 8th over - 0 runs, 0 hits, 0 errors, 1 left on base; Boise 5 - State College 9
BOTTOM OF THE 8TH
State College Spikes batting - Pitching for Boise Hawks : RHP Ricardo Roman
Batting: RHB Sam Daw 0-0: Ball
1-0: Foul Ball, location: 2F
1-1: Foul Ball, location: 2F
1-2: Foul Ball, location: 2F
1-2: Strikes out looking
Batting: RHB Pat Scaturro 0-0: Ball
1-0: Ball
2-0: Ground out 6-3 (Groundball, 6M, EV 105.0 MPH)
Batting: LHB Ken Morehead 0-0: Ball
1-0: Ball
2-0: Ball
3-0: Base on Balls
Pitching: RHP Don Carriere
Batting: SHB Bobby Mercado 0-0: Foul Ball, location: 2F
0-1: Fly out, F9 (Flyball, 9D, EV 76.9 MPH)
Bottom of the 8th over - 0 runs, 0 hits, 0 errors, 1 left on base; Boise 5 - State College 9
TOP OF THE 9TH
Boise Hawks batting - Pitching for State College Spikes : RHP Mike Cain
Batting: RHB John Clark 0-0: Ball
1-0: Ball
2-0: Swinging Strike
2-1: Foul Ball, location: 2F
2-2: Foul Ball, location: 2F
2-2: Strikes out swinging, 2-3 out at first.
Batting: RHB Carlos de Jesus 0-0: Ball
1-0: Swinging Strike
1-1: Ground out 5-3 (Groundball, 56S, EV 89.4 MPH)
Batting: SHB Chris Besselman 0-0: Called Strike
0-1: Ground out U3 (Groundball, 34, EV 80.6 MPH)
Top of the 9th over - 0 runs, 0 hits, 0 errors, 0 left on base; Boise 5 - State College 9
Tuesday, March 28th , 2023 - OOTP Baseball 23.10 Build 110